Workbook

Sheet Painel
A1: Raria.ia
A2: CMV DE RESTAURANTE — o lucro real de cada prato
B4: PREENCHA AQUI
B5: Custo fixo mensal (aluguel, luz, salários...) | C5: 8000
B6: Pratos vendidos no mês | C6: 1000
B7: Custo fixo por prato | C7: =IF(C6=0,0,C5/C6)
B9: CMV MÉDIO | C9: MARGEM MÉDIA | D9: PRATOS NO PREJUÍZO
B10: =IFERROR(AVERAGEIF('Pratos'!$B:$B,">0",'Pratos'!$G:$G),0) | C10: =IFERROR(AVERAGEIF('Pratos'!$B:$B,">0",'Pratos'!$I:$I),0) | D10: =COUNTIFS('Pratos'!$B:$B,">0",'Pratos'!$H:$H,"<0")
B12: Preencha a aba PRATOS. O que estiver no vermelho está te dando prejuízo.
A14: Feito por Raria.ia · rariaia.com.br · @rariaia

Sheet Pratos
A1: Raria.ia
A2: Pratos — preço, custos e o lucro real de cada um
A3: Prato | B3: Preço de venda | C3: Ingredientes | D3: Embalagem | E3: Custo fixo/prato | F3: Custo total | G3: CMV % | H3: Lucro (R$) | I3: Margem %
A4: Prato executivo | B4: 39.9 | C4: 11 | D4: 1.5 | E4: =IF($B4="","",'Painel'!$C$7) | F4: =IF($B4="","",C4+D4+E4) | G4: =IF($B4="","",(C4+D4)/$B4) | H4: =IF($B4="","",$B4-F4) | I4: =IF($B4="","",H4/$B4)
A5: Hambúrguer artesanal | B5: 34 | C5: 13.5 | D5: 2 | E5: =IF($B5="","",'Painel'!$C$7) | F5: =IF($B5="","",C5+D5+E5) | G5: =IF($B5="","",(C5+D5)/$B5) | H5: =IF($B5="","",$B5-F5) | I5: =IF($B5="","",H5/$B5)
A6: Porção de fritas | B6: 28 | C6: 6 | D6: 1 | E6: =IF($B6="","",'Painel'!$C$7) | F6: =IF($B6="","",C6+D6+E6) | G6: =IF($B6="","",(C6+D6)/$B6) | H6: =IF($B6="","",$B6-F6) | I6: =IF($B6="","",H6/$B6)
A7: Refrigerante lata | B7: 7 | C7: 3.2 | D7: 0 | E7: =IF($B7="","",'Painel'!$C$7) | F7: =IF($B7="","",C7+D7+E7) | G7: =IF($B7="","",(C7+D7)/$B7) | H7: =IF($B7="","",$B7-F7) | I7: =IF($B7="","",H7/$B7)
E8: =IF($B8="","",'Painel'!$C$7) | F8: =IF($B8="","",C8+D8+E8) | G8: =IF($B8="","",(C8+D8)/$B8) | H8: =IF($B8="","",$B8-F8) | I8: =IF($B8="","",H8/$B8)
E9: =IF($B9="","",'Painel'!$C$7) | F9: =IF($B9="","",C9+D9+E9) | G9: =IF($B9="","",(C9+D9)/$B9) | H9: =IF($B9="","",$B9-F9) | I9: =IF($B9="","",H9/$B9)
E10: =IF($B10="","",'Painel'!$C$7) | F10: =IF($B10="","",C10+D10+E10) | G10: =IF($B10="","",(C10+D10)/$B10) | H10: =IF($B10="","",$B10-F10) | I10: =IF($B10="","",H10/$B10)
E11: =IF($B11="","",'Painel'!$C$7) | F11: =IF($B11="","",C11+D11+E11) | G11: =IF($B11="","",(C11+D11)/$B11) | H11: =IF($B11="","",$B11-F11) | I11: =IF($B11="","",H11/$B11)
E12: =IF($B12="","",'Painel'!$C$7) | F12: =IF($B12="","",C12+D12+E12) | G12: =IF($B12="","",(C12+D12)/$B12) | H12: =IF($B12="","",$B12-F12) | I12: =IF($B12="","",H12/$B12)
E13: =IF($B13="","",'Painel'!$C$7) | F13: =IF($B13="","",C13+D13+E13) | G13: =IF($B13="","",(C13+D13)/$B13) | H13: =IF($B13="","",$B13-F13) | I13: =IF($B13="","",H13/$B13)
E14: =IF($B14="","",'Painel'!$C$7) | F14: =IF($B14="","",C14+D14+E14) | G14: =IF($B14="","",(C14+D14)/$B14) | H14: =IF($B14="","",$B14-F14) | I14: =IF($B14="","",H14/$B14)
E15: =IF($B15="","",'Painel'!$C$7) | F15: =IF($B15="","",C15+D15+E15) | G15: =IF($B15="","",(C15+D15)/$B15) | H15: =IF($B15="","",$B15-F15) | I15: =IF($B15="","",H15/$B15)
E16: =IF($B16="","",'Painel'!$C$7) | F16: =IF($B16="","",C16+D16+E16) | G16: =IF($B16="","",(C16+D16)/$B16) | H16: =IF($B16="","",$B16-F16) | I16: =IF($B16="","",H16/$B16)
E17: =IF($B17="","",'Painel'!$C$7) | F17: =IF($B17="","",C17+D17+E17) | G17: =IF($B17="","",(C17+D17)/$B17) | H17: =IF($B17="","",$B17-F17) | I17: =IF($B17="","",H17/$B17)
E18: =IF($B18="","",'Painel'!$C$7) | F18: =IF($B18="","",C18+D18+E18) | G18: =IF($B18="","",(C18+D18)/$B18) | H18: =IF($B18="","",$B18-F18) | I18: =IF($B18="","",H18/$B18)
E19: =IF($B19="","",'Painel'!$C$7) | F19: =IF($B19="","",C19+D19+E19) | G19: =IF($B19="","",(C19+D19)/$B19) | H19: =IF($B19="","",$B19-F19) | I19: =IF($B19="","",H19/$B19)
... E63: =IF($B63="","",'Painel'!$C$7) | F63: =IF($B63="","",C63+D63+E63) | G63: =IF($B63="","",(C63+D63)/$B63) | H63: =IF($B63="","",$B63-F63) | I63: =IF($B63="","",H63/$B63)
